 Dungeon Crawl Stone Soup version 0.28-a0-381-g937acc2988 (webtiles) character file.

Game seed: 13163234580727451556

899 chris0x the Chucker (level 7, -4/47 (55) HPs)
             Began as a Palentonga Hunter on Feb 8, 2021.
             Was a Priest of Uskayaw.
             Killed by nerve-wracking pain
             ... invoked by an orc priest
              (5 damage)
             ... on level 6 of the Dungeon on Sept 1, 2021.
             The game lasted 00:28:13 (7112 turns).

chris0x the Chucker (Palentonga Hunter)             Turns: 7112, Time: 00:28:15

HP:   -4/47 (55)    AC: 14    Str: 17    XL:     7   Next: 79%
MP:   9/9           EV: 10    Int: 13    God:    Uskayaw [***...]
Gold: 172           SH:  0    Dex: 11    Spells: 7/9 levels left

rFire   . . .      SeeInvis +   o - +0 hand axe (vorpal)
rCold   . . .      Faith    +   (no shield)
rNeg    . . .      Spirit   .   b - +0 leather armour
rPois   .          Reflect  .   h - +0 helmet
rElec   .          Harm     .   q - +0 cloak
rCorr   .          Rampage  .   (no gloves)
Will    .....      Clarity  +   (no barding)
Stlth   +.........              r - amulet of faith
HPRegen 0.15/turn               (no ring)
MPRegen 0.11/turn               (no ring)

@: heavily drained, curled up
A: large, rugged brown scales 3, see invisible, deformed body, roll 2, armoured
tail, reflexive curl, clarity, strong 1, wild magic 1
a: Rolling Charge, Renounce Religion, Stomp, Line Pass


You were on level 6 of the Dungeon.
You worshipped Uskayaw.
Uskayaw was noncommittal.
You visited 1 branch of the dungeon, and saw 6 of its levels.

You collected 172 gold pieces.

Inventory:

Hand Weapons
 f - a +0 mace
 k - a +0 great mace
 o - a +0 vorpal hand axe (weapon)
 p - a +4 vorpal hunting sling
 w - a +0 hunting sling of flaming
Missiles
 a - 80 sling bullets
 c - 3 javelins
 d - a throwing net (quivered)
 e - 178 stones
 l - 120 arrows
 m - 15 bolts
 t - 26 poisoned darts
Armour
 b - a +0 leather armour (worn)
 h - a +0 helmet (worn)
 i - a +0 ring mail
 q - a +0 cloak (worn)
Jewellery
 r - an amulet of faith (around neck)
Scrolls
 g - a scroll of blinking
 n - 2 scrolls of teleportation
 s - a scroll of identify
Potions
 j - 3 potions of mutation
 u - a potion of might
 x - a potion of brilliance
 z - a potion of berserk rage


   Skills:
 + Level 3.3 Fighting
 + Level 1.6(2.2) Axes
 - Level 2.2(2.5) Maces & Flails
 + Level 4.2 Throwing
 + Level 2.4 Armour
 * Level 3.3 Dodging
 + Level 1.4 Stealth
 * Level 1.8 Spellcasting
 + Level 1.6 Transmutations
 * Level 2.3 Invocations


You had 7 spell levels left.
You knew the following spells:

 Your Spells              Type           Power      Damage    Failure   Level
a - Wereblood             Tmut           7%         N/A       32%         2

Your spell library contained the following spells:

 Spells                   Type           Power      Damage    Failure   Level
 Beastly Appendage        Tmut           14%        N/A       22%         1
 Spider Form              Tmut/Pois      2%         N/A       63%         3
 Cause Fear               Hex            0%         N/A       98%         4
 Dragon Form              Tmut           3%         N/A       100%        7
 Dragon's Call            Summ           0%         N/A       100%        9


Dungeon Overview and Level Annotations

Branches:
Dungeon (6/15)
 Temple: D:4-7

Altars:
Elyvilon
Ru
Uskayaw
Vehumet
Wu Jian
The Shining One


Innate Abilities, Weirdness & Mutations

You are completely covered in rugged brown scales. (AC +3, +7% HP)
You have supernaturally acute eyesight. (SInv)
Armour fits poorly on your strangely shaped body.
You can roll at foes to attack.
You have a long armoured tail.
You curl defensively after being hit.
You possess an exceptional clarity of mind.
Your muscles are strong. (Str +2)
Your spells are a little harder to cast, but a little more powerful.


Message History

Press: ? - help, Q - select action, (/) - cycle Shift-Dir - straight line, f - orc priest
Aim: an orc priest, wielding a +0 flail (63% to hit)
You shoot a sling bullet. The orc shouts!
The sling bullet hits the orc priest.
The orc priest is moderately wounded.
You can now pass through a line of other dancers.
Fire: 82 sling bullets
Press: ? - help, Q - select action, (/) - cycle Shift-Dir - straight line, f/p - orc priest
Aim: an orc priest, wielding a +0 flail (moderately wounded, 63% to hit)
You shoot a sling bullet. The sling bullet hits the orc priest!
The orc priest is almost dead.
Fire: 81 sling bullets
Press: ? - help, Q - select action, (/) - cycle Shift-Dir - straight line, f/p - orc priest
Aim: an orc priest, wielding a +0 flail (almost dead, 63% to hit)
You shoot a sling bullet. The sling bullet hits the orc wizard.
The orc wizard is moderately wounded.
The orc priest casts a cantrip, but nothing happens.
The orc hits you but does no damage.
Uskayaw will force your foes to helplessly watch your dance.
Uskayaw prepares the audience for your solo!
o - a +0 vorpal hand axe (weapon)
The orc wizard is no longer paralysed.
The orc priest is no longer paralysed.
The orc priest begins to cast a cantrip, but forgets the words!
The helpless orc fails to defend itself.
You hit the orc.
The orc is moderately wounded.
You hit the orc wizard.
The orc is no longer paralysed. x2
The orc barely misses you. The orc wizard closely misses you.
The orc priest mumbles some strange prayers to Beogh against you.
Beogh smites you!
* * * LOW HITPOINT WARNING * * *
Blink to where?
Press: ? - help, Dir - move target, p - orc priest A hound and a skeleton come into view.
Found a leather armour.
Found a stone staircase leading down.
As you read the scroll of blinking, it crumbles to dust.
The orc priest mumbles some strange prayers to Beogh against you.
Pain shoots through your body!
You die...

##....###
##ยง....##
#o.(o.(###
##o.(.....
#...o.... ####
#....((..
.....
#........
#....#.......>
#Z...@.....#
...#.##......#
.......#
........#
.........#
#...####...#
.... #.[.
..... #..


You could see an orc priest, an orc wizard, 2 orcs and a water moccasin
skeleton.

Vanquished Creatures
  An ogre (D:5)
  A phantom (D:4)
  2 scorpions
  A wight (D:6)
  2 bullfrog zombies (D:6)
  2 jellies
  An orc priest (D:3)
  Ijyb (D:3)
  A bullfrog skeleton (D:5)
  A scorpion zombie (D:5)
  2 orc wizards
  7 endoplasms
  Robin (D:3)
  11 adders
  A white imp (D:5)
  An ufetubus (D:4)
  3 worms
  A dart slug (D:4)
  10 orcs
  A removed leopard gecko (D:1)
  15 goblins
  14 hobgoblins
  10 jackals
  4 quokkas (D:2)
  6 ball pythons
  12 bats
  3 frilled lizards
  9 kobolds
  9 rats
133 creatures vanquished.

Vanquished Creatures (others)
  2 plants (D:2)
2 creatures vanquished.

Grand Total: 135 creatures vanquished

Notes
Turn   | Place    | Note
-------+----------+-------------------------------------------
     0 | D:1      | chris0x the Palentonga Hunter began the quest for the Orb.
     0 | D:1      | Reached XP level 1. HP: 18/18 MP: 1/1
    35 | D:1      | Reached skill level 3 in Throwing
   259 | D:1      | Reached XP level 2. HP: 16/25 MP: 2/2
   410 | D:1      | Upgraded the game from 0.27-a0-279-gdfb9265905 to
                  | 0.28-a0-258-g8de209e91f
   656 | D:1      | Reached XP level 3. HP: 28/28 MP: 3/3
  1364 | D:2      | Reached skill level 1 in Maces & Flails
  1364 | D:2      | Reached XP level 4. HP: 25/36 MP: 4/4
  1966 | D:2      | Gained mutation: Your spells are a little harder to cast,
                  | but a little more powerful. [potion of mutation]
  1966 | D:2      | Gained mutation: You can roll at foes to attack. [potion of
                  | mutation]
  1966 | D:2      | Gained mutation: Your muscles are strong. (Str +2) [potion
                  | of mutation]
  1966 | D:2      | Gained mutation: You possess an exceptional clarity of
                  | mind. [potion of mutation]
  2411 | D:2      | Found a faded altar of an unknown god.
  2457 | D:2      | Reached skill level 1 in Armour
  2496 | D:2      | Became a worshipper of Uskayaw the Reveller
  2496 | D:2      | Reached * piety under Uskayaw
  2788 | D:3      | Reached XP level 5. HP: 35/41 MP: 5/5
  2919 | D:3      | Noticed Robin
  2927 | D:3      | Reached ** piety under Uskayaw
  2958 | D:3      | Killed Robin
  3321 | D:3      | Noticed Ijyb
  3328 | D:3      | Paralysed by Ijyb for 7 turns
  3340 | D:3      | Paralysed by Ijyb for 5 turns
  3347 | D:3      | Paralysed by Ijyb for 7 turns
  3356 | D:3      | Killed Ijyb
  3843 | D:3      | Learned a level 2 spell: Wereblood
  4455 | D:3      | Reached *** piety under Uskayaw
  4456 | D:3      | Reached XP level 6. HP: 33/49 MP: 6/6
  4565 | D:4      | Reached skill level 4 in Throwing
  4876 | D:4      | Upgraded the game from 0.28-a0-258-g8de209e91f to
                  | 0.28-a0-381-g937acc2988
  4893 | D:4      | Found a sacrificial altar of Ru.
  5037 | D:4      | Reached skill level 1 in Stealth
  5138 | D:4      | Reached skill level 1 in Invocations
  5229 | D:4      | Reached skill level 1 in Axes
  5234 | D:4      | Reached skill level 1 in Transmutations
  5485 | D:4      | Gained mutation: You curl defensively after being hit.
                  | [Palentonga growth]
  5485 | D:4      | Reached XP level 7. HP: 55/55 MP: 8/8
  5579 | D:4      | Found a radiant altar of Vehumet.
  5581 | D:4      | Found a glowing golden altar of the Shining One.
  5583 | D:4      | Found a white marble altar of Elyvilon.
  5782 | D:5      | Entered Level 5 of the Dungeon
  5858 | D:5      | Reached skill level 1 in Spellcasting
  6304 | D:5      | Found an ornate altar of the Wu Jian Council.
  6676 | D:5      | HP: 2/46 [wight (5)]
  7111 | D:6      | HP: 1/47 [orc priest/divine providence (14)]
  7112 | D:6      | Killed from afar by an orc priest

Illustrated notes

Levels and vault maps discovered:
D:1:      minmay_arrival_plants_in_alcoves, layout_basic
D:2:      wad_river_or_something, layout_rooms,
          shapermc_ecumenical_altar_acropolis
D:3:      layout_loops_corners, grunt_ministairs_7, uniq_robin, uniq_ijyb
D:4:      minmay_evil_eye, layout_cave_pods, mainiacjoe_overflow_alcove_2,
          minitemple
D:5:      layout_loops_ring, nicolae_wu_jian_wuxing_cycle
D:6:      cheibrodos_fzero, layout_layer_cave

Skill      XL: |  1  2  3  4  5  6  7 |
---------------+----------------------+-----
Throwing       | 3 4 |  4.2
Maces & Flails | 1 2 |  2.2
Dodging        | 2 3 |  3.3
Armour         | 1 2 |  2.4
Stealth        | 1 |  1.4
Invocations    | 1 2 |  2.3
Axes           | 1 |  1.6
Fighting       | 3 |  3.3
Transmutations | 1 |  1.6
Spellcasting   | 1 |  1.8

Action                   |  1- 3 |  4- 6 |  7- 9 || total
-------------------------+-------+-------+-------++-------
Melee: Mace              |    58 |   176 |       ||   234
       Short sword       |     9 |       |       ||     9
       Tailslap          |     3 |    17 |     2 ||    22
       Hand axe          |       |    26 |    53 ||    79
 Fire: Hunting sling     |       |    55 |    44 ||    99
Throw: Javelin           |    12 |    28 |       ||    40
       Throwing net      |       |     3 |       ||     3
 Cast: Wereblood         |       |     1 |       ||     1
Invok: Stomp             |       |     1 |       ||     1
       Line Pass         |       |     1 |       ||     1
  Use: Scroll            |     2 |     4 |     6 ||    12
       Potion            |       |     7 |     1 ||     8
 Stab: Held in net/web   |       |     1 |       ||     1
       Paralysed         |       |     1 |     3 ||     4
Armor: Leather armour    |    30 |    14 |    26 ||    70
       Ring mail         |    20 |    90 |       ||   110
Dodge: Dodged            |    58 |   137 |    37 ||   232

Table legend: (Time is in decaauts)
 A = Elapsed time spent in this place.
 B = Non-inter-level travel time spent in this place.
 C = Inter-level travel time spent in this place.
 D = Time resting spent in this place.
 E = Time spent auto-exploring this place.
 F = Levels seen in this place.
 G = Mean time per level.
                   A        B        C        D        E       F      G
               +--------+--------+--------+--------+--------+-----+--------+
         Total |   7226 |   6876 |    350 |   1509 |   3475 |   6 | 1204.3 |
       Dungeon |   7226 |   6876 |    350 |   1509 |   3475 |   6 | 1204.3 |
               +--------+--------+--------+--------+--------+-----+--------+

Top non-repeatable levels by time:
     D:3: 1820 daAuts
     D:2: 1752 daAuts
     D:4: 1234 daAuts
     D:5: 1216 daAuts
     D:1: 1080 daAuts
     D:6: 122 daAuts
